 Dungeon Crawl Stone Soup version 0.32-a0-779-g362cfcae2a (webtiles) character file.

Game seed: 12580987095996052271

11 inmateoo the Shooter (level 2, -1/25 HPs)
             Began as a Mountain Dwarf Hunter on Mar 20, 2024.
             Slain by a gnoll
             ... wielding a +0 whip
              (2 damage)
             ... on level 1 of the Dungeon.
             The game lasted 00:00:45 (555 turns).

inmateoo the Shooter (Mountain Dwarf Hunter)         Turns: 555, Time: 00:00:45

Health: -1/25      AC:  5    Str: 13    XL:     2   Next: 13%
Magic:  2/2        EV:  9    Int:  9    God:
Gold:   42         SH:  0    Dex: 13    Spells: 1/1 levels left

rFire   . . .        a - +0 shortbow
rCold   . . .        (shield currently unavailable)
rNeg    . . .        f - +0 ring mail
rPois   .            (no helmet)
rElec   .            (no cloak)
rCorr   .            (no gloves)
SInv    .            (no boots)
Will    .....        (no amulet)
Stlth   +            (no ring)
HPRegen 0.24/turn    (no ring)
MPRegen 0.08/turn

%: no passive effects
@: no status effects
A: runic magic, artefact enchanting
a: no special abilities


You were on level 1 of the Dungeon.
You visited 1 branch of the dungeon, and saw 2 of its levels.

You collected 42 gold pieces.

Inventory:

Hand Weapons
 a - a +0 shortbow (weapon)
Missiles
 c - a throwing net
Armour
 f - a +0 ring mail (worn)
Scrolls
 b - a scroll of butterflies
 d - 2 scrolls of identify {unknown}
 e - 2 scrolls of teleportation {unknown}


   Skills:
 + Level 2.4 Fighting
 * Level 3.4 Ranged Weapons
 + Level 1.5 Dodging
 + Level 1.0 Stealth


You had one spell level left.
You didn't know any spells.
Your spell library was empty.

Dungeon Overview and Level Annotations

Branches:
Dungeon (2/15)

Altars:


Innate Abilities, Weirdness & Mutations

Your spellcasting is much less encumbered by armour.
You can use scrolls of enchantment on lesser artefacts.


Message History

The gnoll closely misses you. The gnoll hits you but does no damage.
You shoot an arrow. The arrow barely misses the gnoll.
The gnoll barely misses you.
You shoot an arrow. The arrow closely misses the gnoll.
The gnoll hits you with a +0 whip.
You shoot an arrow. The arrow barely misses the gnoll.
The gnoll hits you with a +0 whip. The gnoll hits you but does no damage.
You shoot an arrow. The arrow hits the gnoll.
The gnoll is lightly wounded.
The gnoll hits you but does no damage.
You shoot an arrow. The arrow closely misses the gnoll.
The gnoll hits you with a +0 whip.
You shoot an arrow. The arrow hits the gnoll.
The gnoll is moderately wounded.
The gnoll hits you with a +0 whip. x2
* * * LOW HITPOINT WARNING * * *
You are too injured to fight recklessly!
You are too injured to fight recklessly!
Fire: a) +0 shortbow
Press: ? - help, Q - select action, (/) - cycle Shift-Dir - straight line, f/p - gnoll
Aim: a gnoll, wielding a +0 whip (moderately wounded, 63% to hit)
You shoot an arrow. The arrow barely misses the gnoll.
The gnoll hits you with a +0 whip.
* * * LOW HITPOINT WARNING * * *
Unknown command.
Fire: a) +0 shortbow
Press: ? - help, Q - select action, (/) - cycle Shift-Dir - straight line, f/p - gnoll
Aim: a gnoll, wielding a +0 whip (moderately wounded, 63% to hit)
You shoot an arrow. The arrow hits the gnoll.
The gnoll is heavily wounded.
The gnoll hits you with a +0 whip.
* * * LOW HITPOINT WARNING * * *
Fire: a) +0 shortbow
Press: ? - help, Q - select action, (/) - cycle Shift-Dir - straight line, f/p - gnoll
Aim: a gnoll, wielding a +0 whip (heavily wounded, 63% to hit)
You shoot an arrow. The arrow closely misses the gnoll.
The gnoll hits you with a +0 whip.
* * * LOW HITPOINT WARNING * * *
The gnoll hits you with a +0 whip.
You die...

....#####.###...###
....##....##......#
....##.####.......#
....##.# #.......#
....##.# #.......#
....##.#####.....##
.................##
#####..####.....g.#
.## #.## #.....@.#
..###.#####.......#
.........###.....##
.........# ##...##
.#.......# #####
.........#
.........#
..######## .##


You could see a gnoll.

Vanquished Creatures
  4 bats (D:1)
  A hobgoblin (D:1)
  2 kobolds (D:1)
  A quokka (D:1)
  A ball python (D:1)
9 creatures vanquished.

Notes
Turn   | Place    | Note
-------+----------+-------------------------------------------
     0 | D:1      | inmateoo the Mountain Dwarf Hunter began the quest for the
                  | Orb.
     0 | D:1      | Reached XP level 1. HP: 17/17 MP: 1/1
   140 | D:1      | Reached XP level 2. HP: 25/25 MP: 2/2
   223 | D:1      | Reached skill level 1 in Stealth
   554 | D:1      | HP: 1/25 [gnoll/+0 whip (1)]
   555 | D:1      | Slain by a gnoll

Illustrated notes

Levels and vault maps discovered:
D:1:      dpeg_arrival_court, layout_rooms
D:2:      layout_basic, kennysheep_decorative_pillar, uniq_jessica

Skill      XL: |  1  2 |
---------------+-------+-----
Stealth        | 1 |  1.0
Fighting       | |  2.4
Ranged Weapons | |  3.4
Dodging        | |  1.5

Action                     || total
---------------------------++-------
   Fire: Shortbow          ||    54
 Armour: Leather armour    ||    14
         Ring mail         ||    17
  Dodge: Dodged            ||    18

Table legend: (Time is in decaauts)
 A = Elapsed time spent in this place.
 B = Non-inter-level travel time spent in this place.
 C = Inter-level travel time spent in this place.
 D = Time resting spent in this place.
 E = Time spent auto-exploring this place.
 F = Levels seen in this place.
 G = Mean time per level.
                   A        B        C        D        E       F      G
               +--------+--------+--------+--------+--------+-----+--------+
         Total |    571 |    531 |     40 |      0 |    410 |   2 |  285.5 |
       Dungeon |    571 |    531 |     40 |      0 |    410 |   2 |  285.5 |
               +--------+--------+--------+--------+--------+-----+--------+

Top non-repeatable levels by time:
     D:1: 568 daAuts
     D:2: 3 daAuts
